 Dungeon Crawl Stone Soup version 0.21-a0-349-g0c35859 (webtiles) character file.

9205 SpeedyPerson7 the Severer (level 11, -9/105 HPs)
             Began as a Minotaur Berserker on Oct 8, 2017.
             Was a High Priest of Trog.
             Mangled by a two-headed ogre
             ... wielding a +0 giant club
              (17 damage)
             ... on level 11 of the Dungeon.
             The game lasted 00:09:10 (8565 turns).

SpeedyPerson7 the Severer (Minotaur Berserker)      Turns: 8565, Time: 00:09:10

Health: -9/105     AC:  9    Str: 24    XL:     11   Next: 20%
Magic:  10/10      EV:  9    Int:  4    God:    Trog [*****.]
Gold:   181        SH:  0    Dex: 11    Spells: 10/10 levels left

rFire    . . .     SeeInvis +   s - +0 war axe
rCold    + . .     Gourm    .   (no shield)
rNeg     . . .     Faith    .   k - +0 chain mail
rPois    .         Spirit   .   G - +1 hat {SInv}
rElec    .         Reflect  .   (no cloak)
rCorr    .         Harm     .   (no gloves)
MR       +....                  (no boots)
Stlth    ..........             (no amulet)
HPRegen  0.27/turn              C - ring of protection from cold
MPRegen  0.12/turn              M - ring of protection from magic

@: berserk cooldown, starving, slowed, very slow
A: retaliatory headbutt, horns 2
a: Berserk, Trog's Hand, Brothers in Arms, Burn Spellbooks, Renounce Religion


You were on level 11 of the Dungeon.
You worshipped Trog.
Trog was extremely pleased with you.
You were starving.

You visited 1 branch of the dungeon, and saw 11 of its levels.
You also visited: Sewer and Bailey.

You collected 498 gold pieces.
You spent 317 gold pieces at shops.

Inventory:

Hand Weapons
 a - a +0 hand axe
 s - a +0 war axe (weapon)
Armour
 b - a +0 animal skin
 k - a +0 chain mail (worn)
 G - a +1 hat of see invisible (worn)
Jewellery
 j - a +2 ring of dexterity
 C - a ring of protection from cold (left hand)
 L - a cursed ring of teleportation {unknown}
 M - a ring of protection from magic (right hand)
Wands
 u - a wand of polymorph (11/24)
 z - a wand of enslavement (16/24)
 D - a wand of polymorph (24/24)
 K - a wand of flame (19/48)
Scrolls
 d - 2 scrolls of magic mapping
 f - 3 scrolls of enchant armour {unknown}
 i - 10 scrolls of identify {unknown}
 m - 3 scrolls of recharging
 n - 2 scrolls of fear {unknown}
 q - 2 scrolls of enchant weapon {unknown}
 r - a scroll of remove curse
 t - 3 scrolls of teleportation
 v - 3 scrolls of blinking {unknown}
 y - a scroll of immolation {unknown}
 E - a scroll of fog {unknown}
 H - 3 scrolls of random uselessness {unknown}
 J - 2 scrolls of amnesia {unknown}
Potions
 c - 2 potions of curing
 e - 5 potions of agility
 h - a potion of heal wounds
 l - 2 potions of invisibility {unknown}
 p - a potion of resistance {unknown}
 w - 2 potions of lignification {unknown}
 x - 4 potions of flight {unknown}
 A - 3 potions of might {unknown}
 F - 3 potions of haste
 I - 2 potions of magic {unknown}
 N - 2 potions of mutation {unknown}
Comestibles
 g - 15 fruits
 o - 3 royal jellies
 B - 4 bread rations


   Skills:
 + Level 12.3 Fighting
 * Level 16.3 Axes
 - Level 2.4 Armour
 - Level 2.1 Dodging


You had 10 spell levels left.
You didn't know any spells.

Dungeon Overview and Level Annotations

Branches:
Dungeon (11/15)            Temple (0/1) D:4            Lair (0/6) D:9
    Orc (0/2) D:10

Altars:
Gozag
Kikubaaqudgha
Makhleb
Qazlal
Vehumet

Shops:
D:4 (   D:5 :   D:8 !

Portals:
Ossuary: D:8


Innate Abilities, Weirdness & Mutations

You reflexively headbutt those who attack you in melee.
You have a pair of horns on your head.


Message History

You closely miss the ogre.
The ogre hits you with a giant spiked club!
The two-headed ogre barely misses you. x2
You hit the two-headed ogre. You headbutt the two-headed ogre.
The two-headed ogre is severely wounded.
You hit the ogre but do no damage.
You hit the two-headed ogre but do no damage.
The two-headed ogre is severely wounded.
You slash the ogre! The ogre closely misses you. You furiously retaliate!
You headbutt the ogre!
The two-headed ogre hits you with a giant club.
The two-headed ogre hits you with a giant spiked club!
* * * LOW HITPOINT WARNING * * *
You're too hungry.
The ogre barely misses you. You furiously retaliate!
You headbutt the ogre, but do no damage.
The two-headed ogre hits you with a giant club!
* * * LOW HITPOINT WARNING * * *
The two-headed ogre hits you with a giant spiked club!
You die...

............#..#
................#
..................#
...................#
.........[..........#
......................
......................
.............O@.......
#..............O........
............†.#.........
.............###........
.........†).## ##.......
.........)...## ........
..............#.........
........................
......................


You could see a two-headed ogre and an ogre.

Vanquished Creatures
  Gastronok (D:11)
  2 two-headed ogres (D:10)
  Nergalle (D:11)
  An ugly thing (D:11)
  2 hornets (D:10)
  Prince Ribbit (D:8)
  4 hippogriffs
  The ghost of SpeedyPerson7 the Chopper, an amateur MiBe of Trog (D:5)
  4 wargs (D:10)
  Purgy (Sewer)
  3 orc warriors
  A sky beast (D:7)
  2 ice beasts
  A black bear (D:8)
  2 necrophages
  3 ogres
  A phantom (D:7)
  A crocodile (D:8)
  4 centaurs
  4 bullfrogs
  4 scorpions
  3 wights (D:9)
  2 howler monkeys
  A quasit (D:9)
  A bullfrog zombie (D:9)
  2 orc priests (D:5)
  2 bullfrog skeletons (D:9)
  6 hounds
  9 orc wizards
  A jelly (D:10)
  8 worker ants
  3 iguanas
  2 hound skeletons
  4 gnolls (D:10)
  A howler monkey skeleton (D:5)
  15 adders
  3 shadow imps
  An ooze (D:6)
  An adder skeleton (D:2)
  3 worms
  A dart slug (D:1)
  5 leopard geckos
  35 orcs
  3 bats
  6 giant cockroaches
  5 goblins
  4 hobgoblins
  8 jackals
  6 kobolds
  A quokka (D:6)
  2 ball pythons
  4 frilled lizards
  A leopard gecko skeleton (D:8)
  7 rats
200 creatures vanquished.

Notes
Turn   | Place    | Note
-------+----------+-------------------------------------------
     0 | D:1      | SpeedyPerson7 the Minotaur Berserker began the quest for the Orb.
     0 | D:1      | Reached XP level 1. HP: 19/19 MP: 0/0
   101 | D:1      | Reached skill level 4 in Axes
   124 | D:1      | Reached XP level 2. HP: 27/27 MP: 1/1
   405 | D:2      | Reached XP level 3. HP: 32/33 MP: 2/2
   580 | D:2      | Reached skill level 5 in Axes
   986 | D:3      | Reached XP level 4. HP: 41/41 MP: 3/3
   986 | D:3      | Reached ** piety under Trog
  1017 | D:3      | Found a radiant altar of Vehumet.
  1140 | D:4      | Reached skill level 6 in Axes
  1140 | D:4      | Reached XP level 5. HP: 41/47 MP: 4/4
  1394 | D:4      | Found a staircase to the Ecumenical Temple.
  1527 | D:4      | Reached skill level 5 in Fighting
  1555 | D:4      | Found Eqaa's Weapon Shop.
  1623 | D:4      | Bought a +0 war axe for 42 gold pieces
  1830 | D:4      | Reached skill level 7 in Axes
  1830 | D:4      | Reached XP level 6. HP: 47/56 MP: 5/5
  2065 | D:5      | Entered Level 5 of the Dungeon
  2464 | D:5      | Reached skill level 8 in Axes
  2469 | D:5      | Reached *** piety under Trog
  2475 | D:5      | Reached XP level 7. HP: 47/63 MP: 6/6
  2582 | D:5      | Found Afaeduocsoa's Book Shoppe.
  2583 | D:5      | Noticed SpeedyPerson7's ghost (amateur MiBe)
  2588 | D:5      | Killed SpeedyPerson7's ghost
  2799 | D:6      | Reached skill level 9 in Axes
  2978 | D:6      | Reached XP level 8. HP: 37/73 MP: 7/7
  3219 | D:6      | Found a glowing drain.
  3223 | Sewer    | Entered a sewer
  3243 | Sewer    | Noticed Purgy
  3258 | Sewer    | Killed Purgy
  3258 | Sewer    | Reached skill level 10 in Axes
  3748 | D:7      | Found a flagged portal.
  3801 | Bailey   | Entered a bailey
  3856 | D:7      | Found an ancient bone altar of Kikubaaqudgha.
  3913 | D:7      | Reached **** piety under Trog
  4100 | D:8      | Reached skill level 11 in Axes
  4179 | D:8      | Found a sand-covered staircase.
  4254 | D:8      | Reached XP level 9. HP: 72/82 MP: 8/8
  4287 | D:8      | Found Tiuthroh's Distillery.
  4295 | D:8      | Bought a potion of curing for 33 gold pieces
  4295 | D:8      | Bought a potion of curing for 33 gold pieces
  4295 | D:8      | Bought a potion of heal wounds for 55 gold pieces
  4295 | D:8      | Bought a potion of agility for 44 gold pieces
  4295 | D:8      | Bought a potion of haste for 110 gold pieces
  4330 | D:8      | Reached skill level 12 in Axes
  4507 | D:8      | Noticed Prince Ribbit
  4512 | D:8      | Killed Prince Ribbit
  4689 | D:9      | Reached skill level 13 in Axes
  4960 | D:9      | Found a burning altar of Makhleb.
  4964 | D:9      | Reached skill level 10 in Fighting
  5090 | D:9      | Found a staircase to the Lair.
  5420 | D:9      | Found an opulent altar of Gozag.
  5575 | D:9      | Reached ***** piety under Trog
  5919 | D:10     | Entered Level 10 of the Dungeon
  6445 | D:10     | Reached XP level 10. HP: 94/94 MP: 9/9
  6548 | D:10     | Found a staircase to the Orcish Mines.
  6551 | D:10     | Reached skill level 14 in Axes
  6965 | D:10     | Noticed a two-headed ogre
  7006 | D:10     | Noticed a two-headed ogre
  7015 | D:10     | Killed a two-headed ogre
  7535 | D:10     | Killed a two-headed ogre
  7535 | D:10     | Reached skill level 15 in Axes
  7578 | D:10     | Paralysed by a hornet for 3 turns
  8150 | D:10     | Found a stormy altar of Qazlal.
  8477 | D:11     | Noticed Gastronok
  8479 | D:11     | Noticed a red ugly thing
  8491 | D:11     | Killed Gastronok
  8491 | D:11     | Reached skill level 16 in Axes
  8491 | D:11     | Reached XP level 11. HP: 104/104 MP: 10/10
  8492 | D:11     | Killed a red ugly thing
  8535 | D:11     | Noticed Nergalle
  8542 | D:11     | Received a gift from Trog
  8550 | D:11     | Killed Nergalle
  8551 | D:11     | Noticed a two-headed ogre
  8565 | D:11     | Mangled by a two-headed ogre

Vault maps used:
D:1:      minmay_arrival_wavy_path
D:2:      serial_co_window_serial, co_window_of_opportunity_a,
          co_window_corner_a, co_window_of_opportunity_a, co_window_corner_a,
          co_window_corner_a, co_window_of_opportunity_c, co_window_paths_c,
          co_window_corner_b, co_window_broadway_b, co_window_unsneaky_path_a,
          co_window_paths_e, glass_columns_a, glass_columns_a, glass_columns_b,
          glass_columns_a, glass_columns_a
D:3:      kennysheep_ying_yang, overflow_temple_1_default, first_bread,
          solitary_fountain
D:4:      temple_fountains, serial_shops, nicolae_shop_waterfront,
          minmay_misc_feat_hallway
D:5:      serial_shops, kennysheep_little_box
D:6:      gup_sewer_entry_bowl, serial_bayou_pond_d
D:7:      enter_bailey_2, basic_altar
D:8:      nicolae_ossuary_entry_monument, serial_shops, shop, the_bakery,
          lemuel_mausoleum_altar_yredelemnul, uniq_prince_ribbit1
D:9:      nicolae_overflow_crystal_walls, grunt_lair_entry_orc_guard_hut,
          basic_altar
D:10:     minmay_orc_entry_guard_dogs, basic_altar, nrook_mini_backslash,
          minmay_misc_feat_four_crosses
D:11:     uniq_gastronok, uniq_erica, uniq_nergalle
Sewer:    sewer_co_purgy_island
Bailey:   bailey_polearm_1, bailey

Skill      XL: |  1  2  3  4  5  6  7  8  9 10 |
---------------+-------------------------------+-----
Axes           | 4 5 6 7 8 9 11 13 16 | 16.3
Fighting       | 4 5 6 7 8 10 12 | 12.3
Armour         | |  2.4
Dodging        | |  2.1

Action                   |  1- 3 |  4- 6 |  7- 9 | 10-12 || total
-------------------------+-------+-------+-------+-------++-------
Melee: Hand axe          |    58 |    43 |       |       ||   101
       Headbutt          |    10 |    17 |    54 |    24 ||   105
       War axe           |       |    47 |   257 |   115 ||   419
Invok: Berserk           |     2 |     1 |     6 |     7 ||    16
       Burn Spellbooks   |       |     1 |     1 |     2 ||     4
  Use: Scroll            |       |       |     4 |     3 ||     7
       Potion            |       |       |       |     3 ||     3
  Eat: Chunk             |       |     8 |    15 |       ||    23
       Meat ration       |       |       |     1 |       ||     1
       Bread ration      |       |       |       |     2 ||     2
Armor: Animal skin       |     7 |       |       |       ||     7
       Chain mail        |     1 |    40 |   150 |    34 ||   225
Dodge: Dodged            |    42 |    40 |   125 |    55 ||   262

Table legend:
 A = Spawn XP
 B = Non-spawn XP
 C = Spawn XP percentage of total XP
 D = Spawn monster count
 E = Non-spawn monster count
 F = Spawn count percentage of total count
 G = Total turns spent on level
                    A         B        C        D         E        F      G
               +---------+---------+-------+---------+---------+-------+---------
         Total |       0 |   13150 |   0.0 |       0 |     200 |   0.0 |  8565
               +---------+---------+-------+---------+---------+-------+---------
           D:1 |       0 |      24 |   0.0 |       0 |      12 |   0.0 |   267
           D:2 |       0 |      57 |   0.0 |       0 |      17 |   0.0 |   709
           D:3 |       0 |      78 |   0.0 |       0 |      14 |   0.0 |   150
           D:4 |       0 |     238 |   0.0 |       0 |      13 |   0.0 |   939
           D:5 |       0 |     591 |   0.0 |       0 |      22 |   0.0 |   693
           D:6 |       0 |     548 |   0.0 |       0 |      22 |   0.0 |   777
           D:7 |       0 |     437 |   0.0 |       0 |      10 |   0.0 |   412
           D:8 |       0 |    1956 |   0.0 |       0 |      16 |   0.0 |   568
           D:9 |       0 |     985 |   0.0 |       0 |      24 |   0.0 |  2433
          D:10 |       0 |    4317 |   0.0 |       0 |      36 |   0.0 |  1381
          D:11 |       0 |    3765 |   0.0 |       0 |       9 |   0.0 |    88
         Sewer |       0 |     154 |   0.0 |       0 |       5 |   0.0 |   120
               +---------+---------+-------+---------+---------+-------+---------
